 Dungeon Crawl Stone Soup version 0.28-a0-779-g3d1f99b579 (webtiles) character file.

Game seed: 11662873308118966459

977 cheechan the Cudgeller (level 8, -6/54 HPs)
             Began as an Octopode Berserker on Nov 2, 2021.
             Was a Priest of Trog.
             Engulfed by a cloud of freezing vapour (34 damage)
             ... on level 5 of the Dungeon.
             The game lasted 00:12:21 (3703 turns).

cheechan the Cudgeller (Octopode Berserker)         Turns: 3703, Time: 00:12:22

Health: -6/54      AC:  1    Str: 18    XL:     8   Next: 17%
Magic:  8/8        EV: 19    Int: 10    God:    Trog [***...]
Gold:   261        SH:  0    Dex: 17    Spells: 7/7 levels left

rFire   . . .      SeeInvis .   f - +1 flail (drain)
rCold   . . .      Faith    .   (no shield)
rNeg    . . .      Spirit   .   (helmet restricted)
rPois   .          Reflect  .   (no amulet)
rElec   .          Harm     .   b - ring of flight
rCorr   .          Rampage  .   e - +6 ring of dexterity
Will    .....                   k - +4 ring of evasion
Stlth   ++++......              (no ring)
HPRegen 0.18/turn               (no ring)
MPRegen 0.11/turn               (no ring)
                                (no ring)
                                (no ring)

@: on berserk cooldown, flying, slowed, very slow
A: almost no armour, amphibious, 8 rings, camouflage 1, gelatinous body 1,
(nimble swimmer 1), tentacles
a: Renounce Religion, Berserk, Trog's Hand


You were on level 5 of the Dungeon.
You worshipped Trog.
Trog was most pleased with you.
You visited 2 branches of the dungeon, and saw 6 of its levels.

You collected 261 gold pieces.

Inventory:

Hand Weapons
 a - a +1 mace
 f - a +1 flail of draining (weapon)
 i - a +0 whip
 p - a +1 rapier of flaming
Missiles
 d - 11 poisoned darts (quivered)
 g - 83 arrows
 l - 36 bolts
 r - 20 sling bullets
Jewellery
 b - a ring of flight (left tentacle)
 e - a +6 ring of dexterity (right tentacle)
 k - a +4 ring of evasion (on tentacle)
Wands
 o - a wand of paralysis (12)
Scrolls
 c - 4 scrolls of teleportation
 m - a scroll of blinking
 t - a scroll of enchant armour
Potions
 h - 2 potions of flight
 j - a potion of curing
 n - 2 potions of attraction
 q - a potion of magic {unknown}
 s - a potion of heal wounds {unknown}
 u - 2 potions of resistance


   Skills:
 + Level 4.9 Fighting
 + Level 6.6 Maces & Flails
 + Level 0.2 Throwing
 + Level 4.3 Dodging
 + Level 6.5 Stealth


You had 7 spell levels left.
You didn't know any spells.
Your spell library was empty.

Dungeon Overview and Level Annotations

Branches:
Dungeon (5/15)             Temple (1/1) D:4

Altars:
Cheibriados
Elyvilon
Gozag
Okawaru
Ru
Sif Muna
Vehumet
Xom
The Shining One

Shops:
D:3 (

Annotations:
D:5 1 transporter


Innate Abilities, Weirdness & Mutations

You cannot wear most types of armour.
You are amphibious.
You can wear up to eight rings at the same time.
Your skin changes colour to match your surroundings (Stealth+).
Your rubbery body absorbs attacks. (AC +1, EV +1)
((You are camouflaged near water. (Stealth+)))
You have tentacles for arms and can constrict up to eight enemies at once.


Message History

A red film seems to cover your vision as you go berserk!
You feel yourself moving faster!
You feel mighty! The ice beast closely misses you.
You bludgeon the ice beast!!
You kill the ice beast!
Trog accepts your kill.
You have reached level 8!
You feel a strong urge to attack something.
An ice beast comes into view.
You feel your anger nearly subside.
Drop what? 21/52 slots (_ for help) (? for menu, Esc to quit)
Okay, then.
You are too berserk!
Unknown command.
You are no longer berserk.
You are exhausted.
You feel yourself slow down.
You thump the ice beast! You drain the ice beast.
The ice beast is heavily wounded.
The ice beast closely misses you. The ice beast hits you.
The ice beast freezes you!
You hit the ice beast. You drain the ice beast.
The ice beast is almost dead.
The ice beast barely misses you.
You barely miss the ice beast. Your squeeze misses the ice beast.
The ice beast is almost dead.
The ice beast barely misses you. The ice beast misses you.
You hit the ice beast but do no damage.
The ice beast is almost dead.
The ice beast closely misses you. The ice beast completely misses you.
You hit the ice beast.
The ice beast is almost dead.
The ice beast closely misses you.
You hit the ice beast but do no damage. You drain the ice beast.
You kill the ice beast!
Trog accepts your kill.
Really fly into a travel-excluded area?
You are engulfed in freezing vapours.
Ouch! That really hurt!
You die...

#............###
##...#.##.#.....<
#......#.##..†###
#######...............
#°°○☼.########..###.###
##○°°°○#○°○°°.#.......#
##○☼☼○°#○○°○°.#..###..#
.#)$.☼○°.#.#○○#.......#
©#©(..°@...©☼○#©..###.#
.#[|.○☼°.#.#°○#..## #.#
.#°°°☼°#○°°°○.#..####.##
##☼☼°°○#°○°○☼°#####.....
#☼○○☼☼######## #.#.##
###### #.#.# ######.#.#
#.......†# #.####.###


There were no monsters in sight!

Vanquished Creatures
  Eustachio (D:4)
  2 ice beasts (D:5)
  2 black bears (D:4)
  A necrophage (D:5)
  A scorpion (D:5)
  A hound (D:5)
  A jelly (D:5)
  Terence (D:2)
  An orc wizard (D:3)
  A hound skeleton (D:4)
  5 adders
  7 gnolls
  A worm (D:2)
  3 dart slugs
  6 orcs (D:3)
  2 ball pythons
  5 bats
  5 endoplasms
  9 goblins
  9 hobgoblins
  4 jackals (D:2)
  3 quokkas
  7 frilled lizards
  6 kobolds
  5 rats
89 creatures vanquished.

Vanquished Creatures (others)
  A plant (D:4)
1 creature vanquished.

Grand Total: 90 creatures vanquished

Notes
Turn   | Place    | Note
-------+----------+-------------------------------------------
     0 | D:1      | cheechan the Octopode Berserker began the quest for the
                  | Orb.
     0 | D:1      | Reached XP level 1. HP: 16/16 MP: 1/1
   374 | D:1      | Found a faded altar of an unknown god.
   380 | D:1      | Reached XP level 2. HP: 11/21 MP: 2/2
   401 | D:1      | HP: 1/21 [goblin (1)]
   957 | D:1      | Reached XP level 3. HP: 14/26 MP: 3/3
  1149 | D:2      | Reached ** piety under Trog
  1155 | D:2      | Reached skill level 1 in Stealth
  1159 | D:2      | Reached XP level 4. HP: 14/31 MP: 4/4
  1998 | D:3      | Found a radiant altar of Vehumet.
  2168 | D:3      | Reached XP level 5. HP: 22/36 MP: 5/5
  2217 | D:3      | Found a shimmering blue altar of Sif Muna.
  2326 | D:3      | Reached *** piety under Trog
  2542 | D:2      | Noticed Terence
  2548 | D:2      | Killed Terence
  2763 | D:3      | Found Tiogodal's Weapon Boutique.
  2915 | D:4      | Found a staircase to the Ecumenical Temple.
  2930 | Temple   | Entered the Ecumenical Temple
  3061 | D:4      | Noticed Eustachio
  3072 | D:4      | Killed Eustachio
  3073 | D:4      | Reached skill level 5 in Maces & Flails
  3073 | D:4      | Reached XP level 6. HP: 38/43 MP: 6/6
  3081 | D:4      | Found a white marble altar of Elyvilon.
  3104 | D:4      | Noticed a black bear
  3107 | D:4      | Found an iron altar of Okawaru.
  3112 | D:4      | Killed a black bear
  3113 | D:4      | Reached XP level 7. HP: 48/48 MP: 7/7
  3365 | D:4      | Reached skill level 5 in Stealth
  3393 | D:4      | Found a glowing golden altar of the Shining One.
  3455 | D:5      | Entered Level 5 of the Dungeon
  3471 | D:5      | Found a snail-covered altar of Cheibriados.
  3662 | D:5      | Found a transporter.
  3684 | D:5      | Found a transporter.
  3689 | D:5      | Reached XP level 8. HP: 52/54 MP: 8/8
  3703 | D:5      | Engulfed by a cloud of freezing vapour

Illustrated notes

Levels and vault maps discovered:
D:1:      saegor_arrival_simple_c, layout_basic,
          hellmonk_ecumenical_altar_slurped_away
D:2:      layout_basic, uniq_terence
D:3:      layout_loops_ring, mainiacjoe_overflow_tiny_flanked,
          lemuel_coloured_pillars_altar, serial_shops, nicolae_diamond_shop,
          guppyfry_early_orc_mine
D:4:      layout_loops_cross, kennysheep_okawaru_gauntlet, elyvilon_altar_1,
          tso_oasis_becter, minmay_temple_entry_gardened_gates, uniq_eustachio
D:5:      gammafunk_cloud_chamber, layout_loops_ring, cheibriados_altar_1
Temple:   eino_wide_crystal_templ

Skill      XL: |  1  2  3  4  5  6  7 |
---------------+----------------------+-----
Stealth        | 1 2 4 6 |  6.5
Maces & Flails | 4 5 6 |  6.6
Fighting       | 4 |  4.9
Dodging        | 4 |  4.3
Throwing       | |  0.2

Action                   |  1- 3 |  4- 6 |  7- 9 || total
-------------------------+-------+-------+-------++-------
Melee: Mace              |    56 |       |       ||    56
       Constrict         |    15 |    24 |     6 ||    45
       Tentacles         |    10 |    20 |     7 ||    37
       Flail             |       |    82 |    39 ||   121
Throw: Dart              |       |     1 |     1 ||     2
Invok: Berserk           |     1 |       |     1 ||     2
  Use: Scroll            |     3 |     6 |       ||     9
 Stab: Sleeping          |     6 |    12 |     2 ||    20
Armor: Skin              |     2 |     3 |       ||     5
Dodge: Dodged            |    40 |    52 |    47 ||   139

Table legend: (Time is in decaauts)
 A = Elapsed time spent in this place.
 B = Non-inter-level travel time spent in this place.
 C = Inter-level travel time spent in this place.
 D = Time resting spent in this place.
 E = Time spent auto-exploring this place.
 F = Levels seen in this place.
 G = Mean time per level.
                   A        B        C        D        E       F      G
               +--------+--------+--------+--------+--------+-----+--------+
         Total |   3747 |   3747 |      0 |    538 |      0 |   6 |  624.5 |
       Dungeon |   3739 |   3739 |      0 |    538 |      0 |   5 |  747.8 |
        Temple |      7 |      7 |      0 |      0 |      0 |   1 |    7.0 |
               +--------+--------+--------+--------+--------+-----+--------+

Top non-repeatable levels by time:
     D:1: 1373 daAuts
     D:3: 800 daAuts
     D:2: 767 daAuts
     D:4: 544 daAuts
     D:5: 253 daAuts
  Temple: 7 daAuts
